 Dungeon Crawl Stone Soup version 0.31-a0-232-gb1c03b2570 (webtiles) character file.

Game seed: 70487617660475012

846 nono the Trooper (level 8, -4/65 HPs)
             Began as a Formicid Delver on July 7, 2023.
             Splashed by a jelly's acid (11 damage)
             ... on level 5 of the Dungeon.
             The game lasted 00:11:03 (5288 turns).

nono the Trooper (Formicid Delver)                  Turns: 5288, Time: 00:11:06

Health: -4/65      AC: -4    Str: 18    XL:     8   Next: 20%
Magic:  8/8        EV: 11    Int: 11    God:
Gold:   211        SH:  0    Dex: 15    Spells: 7/7 levels left

rFire   + . .        y - +1 dagger (venom)
rCold   . . .        (no shield)
rNeg    . . .        s - +0 ring mail {Will+}
rPois   .            (helmet unavailable)
rElec   .            A - scarf {+Inv}
rCorr   .            (no gloves)
SInv    +            t - +0 pair of boots
Will    +....        (no amulet)
Stlth   +++          p - ring of protection from fire
HPRegen 0.30/turn    (no ring)
MPRegen 0.11/turn

%: no passive effects
@: corroded, attractive
A: permanent stasis, dig shafts and tunnels, antennae 3, four strong arms
a: Dig, Shaft Self, Evoke Invisibility


You were on level 5 of the Dungeon.
You visited 1 branch of the dungeon, and saw 6 of its levels.

You collected 211 gold pieces.

Inventory:

Hand Weapons
 a - a +0 hand axe
 o - a +5 dagger
 y - a +1 dagger of venom (weapon)
Missiles
 w - 6 javelins
 z - a throwing net
Armour
 b - a +0 leather armour
 d - a +0 scale mail
 s - a +0 ring mail of willpower (worn)
 t - a +0 pair of boots (worn)
 A - a scarf of invisibility (worn)
Jewellery
 p - a ring of protection from fire (left hand)
Wands
 f - a wand of digging (3)
 u - a wand of mindburst (13)
Scrolls
 c - 2 scrolls of fog
 g - 2 scrolls of enchant weapon {unknown}
 i - 2 scrolls of identify {unknown}
 j - a scroll of poison {unknown}
 k - 4 scrolls of teleportation {unknown}
 q - 2 scrolls of vulnerability {unknown}
 v - a scroll of noise {unknown}
Potions
 e - 2 potions of heal wounds {unknown}
 h - 3 potions of might {unknown}
 l - 3 potions of curing {unknown}
 m - 2 potions of brilliance {unknown}
 n - 3 potions of attraction
 r - a potion of degeneration {unknown}
 x - a potion of mutation {unknown}


   Skills:
 + Level 6.4 Fighting
 + Level 5.3 Axes
 + Level 5.1 Armour
 - Level 1.9 Dodging
 - Level 6.1 Stealth


You had 7 spell levels left.
You didn't know any spells.
Your spell library contained the following spells:

 Spells                   Type           Power      Damage    Failure   Level
 Freeze                   Ice            0%         1d3       52%         1
 Frozen Ramparts          Ice            0%         1d1       87%         3
 Hailstorm                Conj/Ice       0%         3d3       87%         3
 Animate Armour           Summ/Erth      0%         N/A       99%         4
 Summon Lightning Spire   Summ/Air       0%         N/A       99%         4
 Blade Hands              Tmut           0%         N/A       100%        5


Dungeon Overview and Level Annotations

Branches:
Dungeon (6/15)
 Temple: D:4-7

Altars:

Annotations:
D:1 2 transporters
D:3 2 transporters, bmj180's ghost, amateur MfIE


Innate Abilities, Weirdness & Mutations

You cannot be hasted, slowed, berserked, paralysed or teleported.
You can dig through walls and to a lower floor.
You have a pair of large antennae on your head. (SInv)
Your four strong arms can wield two-handed weapons with a shield.


Message History

You hit the jelly. The acid corrodes you!
Your hands burn!
The jelly is lightly wounded.
The jelly completely misses you.
You hit the jelly but do no damage.
Your hands burn!
The jelly is lightly wounded.
The jelly closely misses you.
You hit the jelly but do no damage.
The jelly is poisoned.
Your hands burn!
The jelly is lightly wounded.
The jelly misses you.
You hit the jelly. The acid corrodes you!
Your hands burn!
The jelly is lightly wounded.
The jelly barely misses you.
You hit the jelly but do no damage.
Your hands burn!
The jelly is lightly wounded.
The jelly hits you.
You are splashed with acid!
You are too injured to fight recklessly!
You are too injured to fight recklessly!
The jelly attacks as you move away! The jelly hits you. The acid corrodes you!
You are splashed with acid!
The jelly attacks as you move away! The jelly hits you.
You are splashed with acid!
* * * LOW HITPOINT WARNING * * *
Things that are here:
a +0 halberd; a gnoll corpse
Okay, then.
It was a potion of attraction.
You feel attractive to monsters. The jelly misses you.
You hit the jelly but do no damage.
Your hands burn!
* * * LOW HITPOINT WARNING * * *
The jelly is heavily wounded.
The jelly barely misses you.
You hit the jelly but do no damage.
The jelly looks even sicker.
Your hands burn!
* * * LOW HITPOINT WARNING * * *
The jelly is heavily wounded.
The jelly hits you.
* * * LOW HITPOINT WARNING * * *
You are splashed with acid!
You die...

#.#.#.#.#.#.#.#.#.
##.#.#.#.#.#.#.#.#
#.#.#.#.#.#.#.#.#.
##.#.#.#.#.#.#.#.#
#.#.#.#.#.#.#.#.#.
##.#.#.#.#.#.#.#.#
#.#.#.#.#.#.#.#.#.
#######.#.#.#.#.#.#.#.#
#.....@#.#.#.#.#.#.#.#.
##.####J#.#.#.#.#.#.#.#
#.# #.#.#.#.#.#.#'#.#.
#.# #......#.#.#...#.#
#.# #.....#.#'#....+#.
#.# #......#.†.....#.#
#.# #.....##.....#####
#.# ##................
#.# #....)..####.....


You could see a jelly (very poisoned).

Vanquished Creatures
  A sky beast (D:4)
  2 phantoms
  3 scorpions
  A sleepcap (D:4)
  4 hounds
  An iguana (D:4)
  Robin (D:2)
  9 gnolls (D:5)
  4 adders
  2 ufetubi (D:5)
  2 worms (D:2)
  4 dart slugs
  6 orcs
  9 bats
  7 endoplasms
  3 giant cockroaches
  15 goblins
  12 hobgoblins
  2 jackals (D:4)
  3 kobolds
  7 quokkas
  4 ball pythons
  4 frilled lizards
  2 rats
108 creatures vanquished.

Notes
Turn   | Place    | Note
-------+----------+-------------------------------------------
     0 | D:5      | nono the Formicid Delver began the quest for the Orb.
     0 | D:5      | Reached XP level 1. HP: 18/18 MP: 1/1
   256 | D:4      | Noticed a sleepcap
   262 | D:4      | Reached XP level 2. HP: 16/24 MP: 2/2
   359 | D:3      | Noticed bmj180's ghost (amateur MfIE)
   705 | D:1      | Reached XP level 3. HP: 30/30 MP: 3/3
   709 | D:1      | Reached skill level 1 in Armour
   913 | D:1      | Found a transporter.
   922 | D:1      | Found a transporter.
   969 | D:1      | Found a faded altar of an unknown god.
  1409 | D:2      | Noticed Robin
  1512 | D:2      | Reached XP level 4. HP: 30/37 MP: 4/4
  1533 | D:2      | Killed Robin
  1915 | D:2      | Reached XP level 5. HP: 40/42 MP: 5/5
  2771 | D:3      | Found a transporter.
  2821 | D:3      | Found a transporter.
  3420 | D:4      | Reached XP level 6. HP: 39/50 MP: 6/6
  3486 | D:4      | Noticed a sky beast
  3504 | D:4      | Killed a sky beast
  3505 | D:4      | Reached skill level 5 in Fighting
  3706 | D:4      | Reached XP level 7. HP: 53/56 MP: 7/7
  5001 | D:5      | Reached skill level 5 in Axes
  5231 | D:5      | Reached XP level 8. HP: 64/64 MP: 8/8
  5265 | D:5      | Reached skill level 5 in Armour
  5288 | D:5      | Splashed by a jelly's acid

Illustrated notes

Levels and vault maps discovered:
D:1:      spicycebolla_arrival_transporter_tutorial, layout_basic,
          hellmonk_ecumenical_altar_leap_of_faith,
          chequers_serial_rivers_micro_c, minmay_octomino_e4
D:2:      layout_basic, uniq_robin
D:3:      layout_basic, gammafunk_ghost_arena
D:4:      layout_basic, minmay_increasing_density
D:5:      minmay_chambers_of_threes, layout_basic, minmay_tree_intersection
D:6:      layout_basic, nicolae_overflow_crystal_walls,
          nicolae_overflow_hidden_temple, serial_bayou_lagoon_b, uniq_edmund

Skill      XL: |  1  2  3  4  5  6  7  8 |
---------------+-------------------------+-----
Armour         | 1 2 3 4 5 |  5.1
Fighting       | 4 5 6 |  6.4
Axes           | 3 4 5 |  5.3
Dodging        | |  1.9
Stealth        | |  6.1

Action                     |  1- 3 |  4- 6 |  7- 9 || total
---------------------------+-------+-------+-------++-------
  Melee: Hand axe          |    95 |   170 |   114 ||   379
         Punch             |     1 |     4 |     3 ||     8
         Dagger            |       |       |    81 ||    81
Ability: Dig               |     1 |       |       ||     1
    Use: Scroll            |     2 |       |       ||     2
         Potion            |       |       |     1 ||     1
   Stab: Sleeping          |     4 |     2 |     5 ||    11
 Armour: Leather armour    |     1 |       |       ||     1
         Scale mail        |    50 |    45 |       ||    95
         Ring mail         |       |    27 |    70 ||    97
  Dodge: Dodged            |    84 |   102 |   141 ||   327

Table legend: (Time is in decaauts)
 A = Elapsed time spent in this place.
 B = Non-inter-level travel time spent in this place.
 C = Inter-level travel time spent in this place.
 D = Time resting spent in this place.
 E = Time spent auto-exploring this place.
 F = Levels seen in this place.
 G = Mean time per level.
                   A        B        C        D        E       F      G
               +--------+--------+--------+--------+--------+-----+--------+
         Total |   5341 |   5151 |    190 |    369 |   3191 |   6 |  890.2 |
       Dungeon |   5341 |   5151 |    190 |    369 |   3191 |   6 |  890.2 |
               +--------+--------+--------+--------+--------+-----+--------+

Top non-repeatable levels by time:
     D:2: 1417 daAuts
     D:4: 1315 daAuts
     D:3: 933 daAuts
     D:5: 852 daAuts
     D:1: 778 daAuts
     D:6: 45 daAuts
